 Dungeon Crawl Stone Soup version 0.31-a0-698-g4a7cf283bb (webtiles) character file.

Game seed: 1547839196365998945

7598 qw the Skirmisher (level 11, 0/69 HPs)
             Began as a Gargoyle Hunter on Sept 7, 2023.
             Was an Elder of Okawaru.
             Slain by a yak (9 damage)
             ... on level 1 of the Lair of Beasts.
             The game lasted 00:03:00 (6556 turns).

qw the Skirmisher (Gargoyle Hunter)                 Turns: 6556, Time: 00:03:01

Health: 0/69       AC: 21    Str: 16    XL:     11   Next: 17%
Magic:  13/14      EV: 15    Int:  9    God:    Okawaru [****..]
Gold:   300        SH:  0    Dex: 17    Spells: 10/10 levels left

rFire   . . .        Y - +1 longbow (heavy)
rCold   + . .        (shield currently unavailable)
rNeg    + . .        a - +0 ring mail
rPois   inf          (no helmet)
rElec   +            m - +0 cloak
rCorr   .            j - +1 pair of gloves {infuse}
SInv    .            d - +1 pair of boots of Woephurr {rC+}
Will    +....        (no amulet)
Stlth   +++          i - ring of willpower
HPRegen 0.31/turn    (no ring)
MPRegen 0.14/turn

%: infuse magic (1 MP)
@: about to teleport, heroic
A: sickness immunity, AC +8, negative energy resistance 1, electricity
resistance, torment resistance 1, petrification resistance
a: Renounce Religion, Heroism, Finesse


You were on level 1 of the Lair of Beasts.
You worshipped Okawaru.
Okawaru was greatly pleased with you.
You visited 3 branches of the dungeon, and saw 10 of its levels.

You collected 439 gold pieces.
You spent 139 gold pieces at shops.


Innate Abilities, Weirdness & Mutations

You are immune to sickness and miasma.
Your stone body is resilient. (AC +8)
You are immune to poison.
You resist negative energy. (rN+)
You are resistant to electric shocks. (rElec)
You are resistant to unholy torment.
You are immune to petrification.


   Skills:
 + Level 8.9(13.9) Fighting
 - Level 13.6(18.6) Ranged Weapons
 - Level 4.5(9.5) Armour
 - Level 3.2(8.2) Dodging
 - Level 1.1(6.1) Stealth
 + Level 4.7 Invocations


You had 10 spell levels left.
You didn't know any spells.
Your spell library was empty.

Inventory:

Hand Weapons
 Y - a +1 heavy longbow (weapon)
Armour
 a - a +0 ring mail (worn)
 d - the +1 pair of boots of Woephurr (worn) {rC+}
   (You found it on level 7 of the Dungeon)

   rC+:       It protects you from cold.
 j - a +1 pair of gloves of infusion (worn)
 m - a +0 cloak (worn)
 p - a +2 robe of fire resistance
Jewellery
 i - a ring of willpower (left hand)
Wands
 o - a wand of digging (8)
Scrolls
 b - a scroll of identify
 l - 2 scrolls of teleportation
Potions
 c - a potion of might {unknown}
 e - a potion of resistance
 f - a potion of heal wounds
 g - 3 potions of enlightenment
 h - 5 potions of curing
 k - a potion of mutation {unknown}
 n - a potion of ambrosia {unknown}

Dungeon Overview and Level Annotations

Branches:
Dungeon (8/15)             Temple (1/1) D:5            Lair (1/5) D:8

Altars:
Ashenzari
Dithmenos
Elyvilon
Fedhas
Gozag
Hepliaklqana
Makhleb
Nemelex Xobeh
Okawaru
Ru
Sif Muna
Uskayaw
Vehumet
Xom
Yredelemnul
Zin
The Shining One

Shops:
D:3 **=[   D:8 (


Message History

Okawaru accepts your kill.
The yak gores you but does no damage. x2; The polar bear misses you. x2
The polar bear closely misses you. The yak gores you but does no damage.
6552 |||
Found retreat position at -1,-1 (polar bear; floor) with 0 blocking monsters and 3 monsters attacking at destination at distance 1 You shoot an arrow.
The arrow closely misses the yak.
The yak gores you. The yak gores you but does no damage.
The yak closely misses you. The polar bear bites you.
The polar bear barely misses you.
The polar bear claws you but does no damage.
The yak gores you but does no damage. The yak closely misses you.
6553 |||
Found retreat position at -1,-1 (polar bear; floor) with 0 blocking monsters and 3 monsters attacking at destination at distance 1 You shoot an arrow.
The arrow hits the yak!!!
You kill the yak!
Okawaru accepts your kill.
The polar bear bites you but does no damage.
The polar bear barely misses you.
The polar bear claws you but does no damage.
The yak gores you. The yak closely misses you.
The yak gores you but does no damage.
The polar bear bites you but does no damage.
The polar bear barely misses you. The polar bear misses you.
The yak barely misses you. The yak gores you but does no damage.
6554 |||
Found retreat position at -1,-1 (polar bear; floor) with 0 blocking monsters and 3 monsters attacking at destination at distance 1 You shoot an arrow.
The arrow hits the yak!!
The yak is severely wounded.
The yak barely misses you. The yak closely misses you.
The polar bear misses you. The polar bear claws you.
The polar bear barely misses you. The yak gores you!
6555 |||
Found retreat position at -1,-1 (polar bear; floor) with 0 blocking monsters and 3 monsters attacking at destination at distance 1 You shoot an arrow.
The arrow hits the yak!!!
You kill the yak!
Okawaru accepts your kill. The yak gores you! The polar bear bites you.
The polar bear claws you. x2
The yak gores you but does no damage.
6556 ||| READING 3 scrolls of teleportation.
As you read the scroll of teleportation, it crumbles to dust.
You feel strangely unstable. The yak gores you but does no damage.
The polar bear closely misses you. The polar bear misses you.
The polar bear closely misses you. The yak gores you!
You die...

................ ...
................. ... .
...............) ... #.
.......#...#.. ## ##.
#........... ## ....
#.........# #.
.....##....#....+ #.
......hY%..#....# . #.
....##@........+ ...##.
... ##.Y..#....#....##.
.# #.....#....#.....##
..#...............##
........#....#.......
.....(...#.##........
......................
.......................
......
.................###


You could see a polar bear and 2 yaks.

Vanquished Creatures
  Gastronok (Lair:1)
  Nergalle (Lair:1)
  2 cane toads (Lair:1)
  A rime drake (Lair:1)
  Prince Ribbit (D:5)
  A hornet (D:8)
  Grinder (D:6)
  5 blink frogs (Lair:1)
  4 yaks (Lair:1)
  Grum (D:8)
  A steam dragon (D:7)
  Menkaure (D:5)
  A water moccasin (D:8)
  A sky beast (D:4)
  2 ice beasts
  A black bear (D:7)
  3 wolves (D:8)
  An ogre (D:6)
  A centaur (D:7)
  2 phantoms (D:5)
  Blork the orc (D:5)
  3 kobold brigands
  2 bullfrogs (D:6)
  2 scorpions
  4 wights (D:8)
  3 killer bees (D:7)
  An orc priest (D:4)
  4 hounds
  4 jellies
  4 iguanas
  A sleepcap (D:8)
  Terence (D:1)
  6 orc wizards
  A gnoll (D:1)
  9 adders
  2 shadow imps
  2 white imps
  4 worms
  20 orcs
  5 ball pythons
  4 endoplasms
  5 giant cockroaches
  4 goblins
  7 hobgoblins
  5 jackals
  20 kobolds
  5 bats
  A frilled lizard (D:1)
  2 rats
164 creatures vanquished.

Notes
Turn   | Place    | Note
-------+----------+-------------------------------------------
     0 | D:1      | qw the Gargoyle Hunter began the quest for the Orb.
     0 | D:1      | Reached XP level 1. HP: 12/12 MP: 1/1
     0 | D:1      | 0 ||| qw: Version: 0.3-a-76-g4403597
     0 | D:1      | 0 ||| qw: Game counter: 363
     0 | D:1      | 0 ||| qw: Melee chars always use a shield: true
     0 | D:1      | 0 ||| qw: God list: Okawaru
     0 | D:1      | 0 ||| qw: Allow faded altars: false
     0 | D:1      | 0 ||| qw: Do Orc after clearing Dungeon:15 true
     0 | D:1      | 0 ||| qw: Do second Lair branch before Depths: true
     0 | D:1      | 0 ||| qw: Lair rune preference: random
     0 | D:1      | 0 ||| qw: Goals: Normal
     0 | D:1      | 0 ||| PLANNING D:1-11
    42 | D:1      | Found a faded altar of an unknown god.
    92 | D:1      | Reached XP level 2. HP: 17/17 MP: 2/2
   290 | D:1      | Reached XP level 3. HP: 17/21 MP: 3/3
   356 | D:1      | Reached skill level 5 in Ranged Weapons
   555 | D:1      | 555 ||| READING scroll labelled OSHEKOL OSHRI.
   556 | D:1      | 556 ||| READING scroll labelled XYTTEIC JIAHO.
   557 | D:1      | 557 ||| READING scroll labelled SIRCHI JADWIY.
   658 | D:1      | 658 ||| DRINKING 3 puce potions.
   659 | D:1      | 659 ||| DROPPING scroll of butterflies.
   692 | D:2      | Noticed Terence
   694 | D:2      | 694 ||| FLEEEEING.
   695 | D:2      | 695 ||| FLEEEEING.
   696 | D:2      | 696 ||| FLEEEEING.
   697 | D:2      | 697 ||| FLEEEEING.
   698 | D:2      | 698 ||| FLEEEEING.
   699 | D:2      | 699 ||| FLEEEEING.
   700 | D:2      | 700 ||| STAIRDANCE
   729 | D:2      | 729 ||| STAIRDANCE
   733 | D:1      | HP: 3/22 [Terence/+0 flail (5)]
   737 | D:1      | Killed Terence
   738 | D:1      | Reached skill level 3 in Fighting
   738 | D:1      | Reached XP level 4. HP: 4/28 MP: 4/4
  1253 | D:2      | 1253 ||| DROPPING ring of wizardry.
  1254 | D:2      | 1254 ||| READING scroll labelled PANWEBBINN.
  1258 | D:2      | 1258 ||| DRINKING 2 viscous purple potions.
  1329 | D:3      | Found Voplank's General Store.
  1334 | D:3      | 1334 ||| BUYING +0 ring mail (48 gold).
  1334 | D:3      | Bought a +0 ring mail for 48 gold pieces
  1411 | D:3      | Found Eqoesokh's Jewellery Shop.
  1420 | D:3      | 1420 ||| SHOPLISTING +4 ring of protection (432 gold, have
                  | 25).
  1420 | D:3      | 1420 ||| SHOPLISTING +6 ring of dexterity (432 gold, have
                  | 25).
  1420 | D:3      | 1420 ||| SHOPLISTING ring of ice (300 gold, have 25).
  1420 | D:3      | 1420 ||| SHOPLISTING ring of protection from fire (300
                  | gold, have 25).
  1428 | D:3      | Found a sacrificial altar of Ru.
  1433 | D:3      | 1433 ||| Stepping ~*~*~tactically~*~*~ (outnumbered).
  1443 | D:3      | Reached XP level 5. HP: 31/32 MP: 5/5
  1577 | D:3      | Found a radiant altar of Vehumet.
  1600 | D:3      | Found Naceschicw's Armour Emporium.
  1607 | D:3      | 1607 ||| SHOPLISTING +1 cloak of Starlight {*Dazzle EV+4
                  | Stlth--} (305 gold, have 71).
  1733 | D:3      | Found Exitiyr's General Store.
  1744 | D:3      | 1744 ||| SHOPLISTING +0 pair of boots of rampaging (149
                  | gold, have 97).
  1744 | D:3      | 1744 ||| SHOPLISTING +2 pair of gloves (214 gold, have 97).
  1744 | D:3      | 1744 ||| BUYING potion of heal wounds (65 gold).
  1744 | D:3      | Bought a potion of heal wounds for 65 gold pieces
  1744 | D:3      | 1744 ||| SHOPLISTING potion of might (52 gold, have 32).
  1744 | D:3      | 1744 ||| BUYING scroll of identify (26 gold).
  1744 | D:3      | Bought a scroll of identify for 26 gold pieces
  1865 | D:3      | 1865 ||| UPGRADING to +0 ring mail.
  1875 | D:3      | 1875 ||| DROPPING +0 leather armour.
  1876 | D:3      | 1876 ||| UPGRADING to +1 pair of gloves of infusion.
  1881 | D:3      | 1881 ||| DRINKING 2 dark potions.
  1882 | D:3      | 1882 ||| READING 3 scrolls of identify.
  1882 | D:3      | 1882 ||| IDENTIFYING fizzy red potion
  1883 | D:3      | 1883 ||| READING 2 scrolls of identify.
  1883 | D:3      | 1883 ||| IDENTIFYING bubbling pink potion
  1884 | D:3      | 1884 ||| DROPPING potion of attraction.
  1885 | D:3      | 1885 ||| DROPPING potion of magic.
  1964 | D:4      | Reached skill level 1 in Armour
  1999 | D:4      | Reached skill level 6 in Ranged Weapons
  2208 | D:4      | Noticed a sky beast
  2241 | D:4      | HP: 8/33 [something (3)]
  2242 | D:4      | HP: 3/33 [sky beast (3)]
  2242 | D:4      | HP: 1/33 [sky beast (2)]
  2243 | D:4      | 2243 ||| DRINKING 2 potions of heal wounds.
  2254 | D:4      | Killed a sky beast
  2255 | D:4      | Reached XP level 6. HP: 28/40 MP: 6/6
  2612 | D:4      | 2612 ||| READING scroll labelled XEIXTU VEUTT.
  2613 | D:4      | 2613 ||| READING scroll labelled DOEWER NECSAU.
  2614 | D:4      | 2614 ||| READING scroll labelled ECZASIRACW.
  2627 | D:5      | Entered Level 5 of the Dungeon
  2633 | D:5      | 2633 ||| STAIRDANCE
  2645 | D:5      | 2645 ||| STAIRDANCE
  2717 | D:5      | Found a staircase to the Ecumenical Temple.
  2718 | D:5      | 2718 ||| PLANNING TEMPLE
  2722 | D:5      | Reached skill level 7 in Ranged Weapons
  2722 | D:5      | Reached XP level 7. HP: 40/44 MP: 7/7
  2741 | Temple   | Entered the Ecumenical Temple
  2742 | Temple   | 2742 ||| PLANNING OKAWARU WORSHIP
  2752 | Temple   | Became a worshipper of Warmaster Okawaru
  2753 | Temple   | 2753 ||| PLANNING D:1-11
  2866 | D:5      | Noticed Menkaure
  2875 | D:5      | Killed Menkaure
  2961 | D:5      | Found a broken altar of Ashenzari.
  2966 | D:5      | Reached * piety under Okawaru
  2967 | D:5      | Reached skill level 8 in Ranged Weapons
  3020 | D:5      | Found a sparkling altar of Nemelex Xobeh.
  3056 | D:5      | 3056 ||| INVOKING Heroism.
  3060 | D:5      | Reached skill level 1 in Invocations
  3130 | D:5      | Noticed Prince Ribbit
  3131 | D:5      | 3131 ||| INVOKING Heroism.
  3136 | D:5      | 3136 ||| Stepping ~*~*~tactically~*~*~ (retreating).
  3138 | D:5      | Killed Prince Ribbit
  3139 | D:5      | Reached skill level 3 in Dodging
  3139 | D:5      | Reached XP level 8. HP: 35/49 MP: 6/9
  3218 | D:5      | 3218 ||| INVOKING Heroism.
  3288 | D:5      | Noticed Blork the orc
  3293 | D:5      | Killed Blork the orc
  3387 | D:5      | 3387 ||| UPGRADING to ring of willpower.
  3388 | D:5      | 3388 ||| READING scroll labelled BUJUBBIODE.
  3434 | D:6      | 3434 ||| FLEEEEING.
  3435 | D:6      | 3435 ||| FLEEEEING.
  3436 | D:6      | 3436 ||| STAIRDANCE
  3444 | D:6      | Reached skill level 3 in Invocations
  3467 | D:6      | Noticed Grinder
  3468 | D:6      | 3468 ||| RETREATING.
  3469 | D:6      | 3469 ||| INVOKING Heroism.
  3472 | D:6      | 3472 ||| Stepping ~*~*~tactically~*~*~ (retreating).
  3485 | D:6      | 3485 ||| INVOKING Heroism.
  3492 | D:6      | Killed Grinder
  3493 | D:6      | Reached skill level 9 in Ranged Weapons
  3764 | D:6      | 3764 ||| INVOKING Heroism.
  3769 | D:6      | Reached XP level 9. HP: 54/54 MP: 9/12
  3820 | D:6      | Reached skill level 6 in Fighting
  3918 | D:6      | 3918 ||| INVOKING Heroism.
  4069 | D:6      | 4069 ||| READING scroll labelled NEUNLE ZEUD.
  4069 | D:6      | Identified a scroll of acquirement
  4069 | D:6      | 4069 ||| ACQUIRING +1 longbow of flaming
  4069 | D:6      | Acquired a +1 longbow of flaming
  4071 | D:6      | 4071 ||| SWAPPING to +1 longbow of flaming.
  4072 | D:6      | 4072 ||| DROPPING +1 shortbow of flaming.
  4073 | D:6      | 4073 ||| DRINKING 2 fizzy white potions.
  4074 | D:6      | 4074 ||| DROPPING potion of degeneration.
  4103 | D:7      | 4103 ||| INVOKING Heroism.
  4238 | D:7      | 4238 ||| INVOKING Heroism.
  4240 | D:7      | Reached skill level 10 in Ranged Weapons
  4356 | D:7      | Found a blossoming altar of Fedhas.
  4360 | D:7      | 4360 ||| INVOKING Heroism.
  4361 | D:7      | 4361 ||| FLEEEEING.
  4381 | D:7      | 4381 ||| FLEEEEING.
  4382 | D:7      | 4382 ||| FLEEEEING.
  4383 | D:7      | 4383 ||| FLEEEEING.
  4386 | D:7      | 4386 ||| FLEEEEING.
  4387 | D:7      | 4387 ||| FLEEEEING.
  4388 | D:7      | 4388 ||| FLEEEEING.
  4389 | D:7      | 4389 ||| FLEEEEING.
  4390 | D:7      | 4390 ||| FLEEEEING.
  4391 | D:7      | 4391 ||| FLEEEEING.
  4392 | D:7      | 4392 ||| FLEEEEING.
  4393 | D:7      | 4393 ||| FLEEEEING.
  4394 | D:7      | 4394 ||| FLEEEEING.
  4395 | D:7      | 4395 ||| FLEEEEING.
  4396 | D:7      | 4396 ||| FLEEEEING.
  4397 | D:7      | 4397 ||| FLEEEEING.
  4398 | D:7      | 4398 ||| FLEEEEING.
  4399 | D:7      | 4399 ||| FLEEEEING.
  4400 | D:7      | 4400 ||| FLEEEEING.
  4401 | D:7      | 4401 ||| FLEEEEING.
  4402 | D:7      | 4402 ||| FLEEEEING.
  4404 | D:7      | 4404 ||| FLEEEEING.
  4405 | D:7      | 4405 ||| FLEEEEING.
  4406 | D:7      | 4406 ||| STAIRDANCE
  4457 | D:6      | 4457 ||| READING scroll labelled JUSTUD GAUC.
  4738 | D:7      | 4738 ||| INVOKING Heroism.
  4864 | D:7      | Identified the +1 pair of boots of Woephurr {rC+}
  5113 | D:7      | 5113 ||| UPGRADING to +1 pair of boots of Woephurr {rC+}.
  5188 | D:8      | Found a basalt altar of Yredelemnul.
  5213 | D:8      | Found Saepheeq's Hydra Hut.
  5216 | D:8      | Noticed a five-headed hydra
  5220 | D:8      | 5220 ||| SHOPLISTING +2 longbow of freezing (284 gold, have
                  | 191).
  5238 | D:8      | Noticed a hornet
  5243 | D:8      | Killed a hornet
  5244 | D:8      | Reached skill level 3 in Armour
  5458 | D:8      | 5458 ||| Stepping ~*~*~tactically~*~*~ (outnumbered).
  5461 | D:8      | 5461 ||| Stepping ~*~*~tactically~*~*~ (outnumbered).
  5464 | D:8      | 5464 ||| Stepping ~*~*~tactically~*~*~ (outnumbered).
  5521 | D:8      | Found a staircase to the Lair.
  5533 | D:8      | 5533 ||| INVOKING Heroism.
  5662 | D:8      | Found a hide-covered altar of Uskayaw.
  5674 | D:8      | Reached skill level 11 in Ranged Weapons
  5704 | D:8      | Reached XP level 10. HP: 62/63 MP: 13/13
  5899 | D:8      | Noticed Grum
  5900 | D:8      | 5900 ||| RETREATING.
  5905 | D:8      | 5905 ||| INVOKING Heroism.
  5911 | D:8      | Killed Grum
  5932 | D:8      | 5932 ||| INVOKING Heroism.
  6085 | D:8      | 6085 ||| PLANNING LAIR
  6085 | D:8      | 6085 ||| UPGRADING to +0 cloak.
  6138 | Lair:1   | Entered Level 1 of the Lair of Beasts
  6153 | Lair:1   | Noticed a cane toad
  6154 | Lair:1   | 6154 ||| INVOKING Heroism.
  6160 | Lair:1   | Killed a cane toad
  6233 | Lair:1   | Noticed Nergalle
  6234 | Lair:1   | 6234 ||| INVOKING Heroism.
  6258 | Lair:1   | 6258 ||| INVOKING Heroism.
  6264 | Lair:1   | Killed Nergalle
  6264 | Lair:1   | Reached ** piety under Okawaru
  6265 | Lair:1   | Reached skill level 12 in Ranged Weapons
  6278 | Lair:1   | Reached *** piety under Okawaru
  6440 | Lair:1   | Noticed Gastronok
  6442 | Lair:1   | 6442 ||| INVOKING Heroism.
  6451 | Lair:1   | Killed Gastronok
  6451 | Lair:1   | Reached **** piety under Okawaru
  6452 | Lair:1   | Reached skill level 13 in Ranged Weapons
  6452 | Lair:1   | Reached XP level 11. HP: 68/68 MP: 12/14
  6470 | Lair:1   | 6470 ||| READING scroll of brand weapon.
  6470 | Lair:1   | 6470 ||| BRANDING +1 longbow of flaming.
  6490 | Lair:1   | 6490 ||| INVOKING Heroism.
  6539 | Lair:1   | 6539 ||| RETREATING.
  6547 | Lair:1   | 6547 ||| Stepping ~*~*~tactically~*~*~ (retreating).
  6548 | Lair:1   | 6548 ||| Stepping ~*~*~tactically~*~*~ (retreating).
  6549 | Lair:1   | 6549 ||| Stepping ~*~*~tactically~*~*~ (retreating).
  6550 | Lair:1   | 6550 ||| INVOKING Heroism.
  6555 | Lair:1   | HP: 15/69 [polar bear (5)]
  6556 | Lair:1   | 6556 ||| READING 3 scrolls of teleportation.
  6556 | Lair:1   | Slain by a yak

Levels and vault maps discovered:
D:1:      ncdulo_watergridlock, layout_loops_ring, basic_ecumenical_altar
D:2:      layout_basic, uniq_terence
D:3:      layout_basic, nicolae_ru_great_annihilating_truth,
          fiery_altar_vehumet, serial_shops, shop, shop, shop,
          nicolae_shop_tiny_statue_garden, corexii_shack, nicolae_titane
D:4:      layout_cave_pools
D:5:      layout_rooms, mainiacjoe_overflow_brackets,
          nicolae_overflow_crystal_walls, minmay_temple_entry_glass,
          uniq_prince_ribbit1, uniq_menkaure, uniq_blork_the_orc
D:6:      layout_loops_ring, uniq_grinder
D:7:      layout_basic, old_standard_altar, minmay_misc_feat_doors
D:8:      layout_loops_ring, nicolae_uskayaw_dance_studio, marbit_many_paths,
          fungi_pond_lemuel, doesnt_shop_hydraphobe, uniq_grum
Temple:   hellmonk_temple_flake
Lair:1:   layout_regular_city, uniq_gastronok, uniq_nergalle, uniq_jeremiah

Skill      XL: |  1  2  3  4  5  6  7  8  9 10 |
---------------+-------------------------------+-----
Ranged Weapons | 5 6 7 8 9 11 13 | 13.6
Fighting       | 3 4 5 7 8 |  8.9
Armour         | 1 2 3 4 |  4.5
Invocations    | 1 4 |  4.7
Dodging        | 3 |  3.2
Stealth        | |  1.1

Action                     |  1- 3 |  4- 6 |  7- 9 | 10-12 || total
---------------------------+-------+-------+-------+-------++-------
   Fire: Shortbow          |    68 |   231 |   147 |       ||   446
         Longbow           |       |       |   139 |   108 ||   247
 Invoke: Heroism           |       |       |    12 |     8 ||    20
    Use: Scroll            |     3 |     6 |     3 |     2 ||    14
         Potion            |     1 |     3 |     1 |       ||     5
 Armour: Leather armour    |    13 |    18 |       |       ||    31
         Ring mail         |       |   124 |   109 |    92 ||   325
  Dodge: Dodged            |    29 |    73 |    78 |    86 ||   266

Table legend:
 A = Non-vault XP
 B = Vault XP
 C = Vault XP percentage of total XP
 D = Non-vault monster count
 E = Vault monster count
 F = Vault count percentage of total count
                 A         B        C        D         E       F
            +---------+---------+-------+---------+---------+-------
      Total |    7026 |    3829 |  35.3 |     142 |      22 |  13.4
            +---------+---------+-------+---------+---------+-------
        D:1 |      40 |      36 |  47.4 |      17 |       1 |   5.6
        D:2 |      51 |       0 |   0.0 |      12 |       0 |   0.0
        D:3 |       7 |      42 |  85.7 |       4 |       5 |  55.6
        D:4 |     378 |       0 |   0.0 |      28 |       0 |   0.0
        D:5 |     682 |     547 |  44.5 |      14 |       3 |  17.6
        D:6 |     588 |     262 |  30.8 |      16 |       1 |   5.9
        D:7 |     937 |       0 |   0.0 |      20 |       0 |   0.0
        D:8 |     978 |     674 |  40.8 |      19 |      10 |  34.5
     Lair:1 |    3365 |    2268 |  40.3 |      12 |       2 |  14.3
            +---------+---------+-------+---------+---------+-------
